 Dungeon Crawl Stone Soup version 0.31-a0-691-g409c26aa35 (webtiles) character file.

Game seed: 7834893888693210003

21445 Dirtsage the Grappler (level 12, 0/122 HPs)
             Began as a Troll Shapeshifter on Sept 6, 2023.
             Was a Believer of Uskayaw.
             Slain by a bone dragon (17 damage)
             ... on level 2 of the Abyss.
             The game lasted 00:25:20 (8745 turns).

Dirtsage the Grappler (Troll Shapeshifter)          Turns: 8745, Time: 00:25:20

Health: 0/122      AC: 13    Str: 25    XL:     12   Next: 54%
Magic:  7/13       EV:  8    Int:  8    God:    Uskayaw [**....]
Gold:   1298       SH: 13    Dex:  6    Spells: 11/11 levels left

rFire   + +          +
                       - Unarmed
rCold   . . .        a - +0 kite shield
rNeg    . . .        N - +1 robe {rF+}
rPois   .            (helmet currently unavailable)
rElec   .            (cloak currently unavailable)
rCorr   .            (gloves unavailable)
SInv    +            (boots unavailable)
Will    .....        M - amulet of reflection
Stlth   +            D - +4 ring of protection
HPRegen 1.20/turn    F - ring "Umpuh" {rF++ AC+4 Dex-5 SInv}
MPRegen 0.13/turn

%: reflection
@: beast-form
A: beast (slay +4), large, unfitting armour, claws 3, regeneration 1, shaggy fur
1, tough skin 1, [low MP 2]
a: Begin Untransformation, Renounce Religion, Stomp, Line Pass


You were on level 2 of the Abyss.
You worshipped Uskayaw.
Uskayaw was aware of your devotion.
You were a hulking beast.
You visited 3 branches of the dungeon, and saw 12 of its levels.
You visited the Abyss 2 times.
You also visited: Volcano.

You collected 1868 gold pieces.
You spent 570 gold pieces at shops.

Inventory:

Hand Weapons
 j - a +1 sling of freezing
Missiles
 I - 2 throwing nets
Armour
 a - a +0 kite shield (worn)
 J - +0 acid dragon scales
 K - a +0 cloak
 N - a +1 robe of fire resistance (worn)
Jewellery
 n - a +6 ring of strength
 s - a +5 ring of evasion
 w - a +6 ring of dexterity
 z - an amulet of the acrobat
 C - a ring of resist corrosion
 D - a +4 ring of protection (left claw)
 F - the ring "Umpuh" (right claw) {rF++ AC+4 Dex-5 SInv}
   (You found it on level 10 of the Dungeon)

   [ring of protection]

   AC+4:      It affects your AC (+4).
   Dex-5:     It affects your dexterity (-5).
   rF++:      It greatly protects you from fire.
   SInv:      It lets you see invisible.
 M - an amulet of reflection (around neck)
 P - a ring of poison resistance
Talismans
 c - a beast talisman (active)
 d - a flux talisman
Wands
 p - a wand of flame (26)
 u - a wand of charming (13)
Scrolls
 b - a scroll of revelation
 g - a scroll of fear
 i - a scroll of identify
 k - 2 scrolls of butterflies
 m - 4 scrolls of immolation
 r - 2 scrolls of fog
 t - a scroll of teleportation
 x - 2 scrolls of poison
 y - 2 scrolls of enchant armour
 B - 2 scrolls of blinking
 G - 2 scrolls of noise {unknown}
 L - 3 scrolls of amnesia {unknown}
Potions
 e - a potion of cancellation
 f - 3 potions of brilliance
 h - 3 potions of invisibility
 l - 2 potions of heal wounds
 o - 4 potions of mutation
 q - 2 potions of curing
 v - a potion of magic
 A - a potion of attraction {unknown}
 E - a potion of berserk rage {unknown}
 H - a potion of haste {unknown}


   Skills:
 + Level 8.5 Fighting
 - Level 1.5 Dodging
 * Level 6.5 Shields
 + Level 11.2 Unarmed Combat
 + Level 8.5 Invocations
 + Level 9.7 Shapeshifting


You had 11 spell levels left.
You didn't know any spells.
Your spell library contained the following spells:

 Spells                   Type           Power      Damage    Failure   Level
 Kiss of Death            Conj/Necr      0%         2d5       63%         1
 Blink                    Tloc           0%         N/A       77%         2
 Confusing Touch          Hex            0%         N/A       94%         3
 Inner Flame              Hex/Fire       0%         N/A       94%         3
 Portal Projectile        Hex/Tloc       0%         N/A       94%         3
 Tukima's Dance           Hex            0%         N/A       94%         3
 Dispel Undead            Necr           0%         3d6       100%        4
 Iskenderun's Mystic Bla  Conj/Tloc      0%         2d3       100%        4
 Manifold Assault         Tloc           0%         N/A       100%        4
 Yara's Violent Unravell  Hex/Tmut       0%         3d3       100%        5
 Enfeeble                 Hex            0%         N/A       100%        7


Dungeon Overview and Level Annotations

Branches:
Dungeon (10/15)            Temple (1/1) D:7            Lair (1/5) D:9
    Orc (0/2) D:10        Volcano (visited)

Altars:
Ashenzari
Cheibriados
Dithmenos
Elyvilon
Fedhas
Gozag
Hepliaklqana
Kikubaaqudgha
Makhleb
Nemelex Xobeh
Okawaru
Qazlal
Ru
Sif Muna
Trog
Uskayaw
Vehumet
Wu Jian
Xom
Yredelemnul
Zin
The Shining One

Shops:
D:1 [   D:9 !


Innate Abilities, Weirdness & Mutations

You are a hulking beast.
Your limbs bulge with bestial killing power. (Slay +4)
You are too large for most types of armour.
You have claws for hands.
Your natural rate of healing is unusually fast.
You are covered in fur. (AC +1)
You have tough skin. (AC +1)
[Your magical capacity is very low. (-20% MP)]


Message History

You block the bone dragon's attack. x2; The bone dragon tramples you.
* * * LOW HITPOINT WARNING * * *
You stumble backwards!
You take 1 damage, and have 29/122 hp.
Aiming: Line Pass
Press: ? - help, Dir - move target The bone dragon appears confused.
You can no longer pass through a line of other dancers.
You block the bone dragon's attack. x2
The bone dragon tramples you but does no damage.
You now have 6/13 mp.
You barely miss the bone dragon.
The bone dragon is severely damaged.
The bone dragon seems less confused.
The bone dragon bites you.
* * * LOW HITPOINT WARNING * * *
You block the bone dragon's attack.
The bone dragon tramples you but does no damage.
You take 2 damage, and have 28/122 hp.
You claw the bone dragon!
The bone dragon is severely damaged.
The bone dragon bites you!
* * * LOW HITPOINT WARNING * * *
The bone dragon claws you but does no damage.
You block the bone dragon's attack.
You take 14 damage, and have 14/122 hp.
You claw the bone dragon!
The bone dragon is severely damaged.
You can now pass through a line of other dancers.
You mangle the bone dragon!!
The bone dragon is almost destroyed.
You block the bone dragon's attack. x2; The bone dragon barely misses you.
You claw the bone dragon!
The bone dragon is almost destroyed.
The bone dragon barely misses you. The bone dragon claws you.
* * * LOW HITPOINT WARNING * * *
The bone dragon tramples you but does no damage.
You barely miss the bone dragon.
The bone dragon is almost destroyed.
The bone dragon bites you!
You die...

. ≈###
~..
...
##..##
#.#..#
#.#.#
##D###
##h.#
##.#
#....
.##
##..
#....
...
#..#.
...#
..


You could see a bone dragon.

Vanquished Creatures
  2 two-headed ogres (D:9)
  6 death yaks (Lair:1)
  A wretched star (Abyss:2)
  Nergalle (D:10)
  4 wizards (Volcano)
  A lindwurm (Lair:1)
  An ugly thing (D:9)
  A cyclops (D:10)
  3 toenail golems (Volcano)
  A smoke demon (Abyss:2)
  2 cane toads (Lair:1)
  An unseen horror (D:9)
  A kobold demonologist (D:9)
  2 komodo dragons
  2 raiju (Abyss:2)
  Sigmund (D:2)
  A shadow (D:7)
  2 wyverns
  A ynoxinul (Abyss:2)
  19 yaks
  A redback (shapeshifter) (D:9)
  A steam dragon (D:9)
  Menkaure (D:7)
  A warg (D:10)
  4 acid dragons
  A water moccasin (D:8)
  8 orc warriors
  An ice beast (D:8)
  2 black bears
  2 large abominations (Abyss:2)
  3 centaurs
  A phantom (D:5)
  A kobold brigand (D:9)
  6 gnoll sergeants
  3 bullfrogs
  2 scorpions
  7 wights
  19 killer bees
  9 howler monkeys
  3 hounds
  Crazy Yiuf (D:2)
  4 jellies
  5 orc priests
  A sleepcap (D:7)
  5 iguanas
  9 orc wizards
  A mummy (D:4)
  24 gnolls
  7 adders
  2 white imps (D:6)
  An ufetubus (Abyss:2)
  2 worms
  39 orcs
  7 ball pythons
  9 endoplasms
  5 giant cockroaches
  6 goblins
  11 hobgoblins
  2 jackals (D:4)
  9 kobolds
  3 quokkas
  3 bats (D:1)
  3 frilled lizards
  A hobgoblin zombie (D:4)
  2 kobold zombies (D:4)
  An orc zombie (D:4)
  5 rats
297 creatures vanquished.

Notes
Turn   | Place    | Note
-------+----------+-------------------------------------------
     0 | D:1      | Dirtsage the Troll Shapeshifter began the quest for the
                  | Orb.
     0 | D:1      | Reached XP level 1. HP: 18/18 MP: 0/0
    65 | D:1      | Reached skill level 1 in Fighting
   135 | D:1      | Reached XP level 2. HP: 27/27 MP: 1/1
   555 | D:1      | Found Viruon's Armour Emporium.
   775 | D:1      | Reached XP level 3. HP: 33/33 MP: 2/2
   996 | D:2      | Identified the +10 flail of Incongruity {flame, rC+ Will+
                  | Int+2}
  1029 | D:2      | Noticed Sigmund
  1035 | D:2      | Killed Sigmund
  1036 | D:2      | Reached skill level 4 in Unarmed Combat
  1036 | D:2      | Reached XP level 4. HP: 32/42 MP: 3/3
  1036 | D:2      | Reached XP level 5. HP: 38/49 MP: 4/4
  1075 | D:2      | Reached skill level 5 in Unarmed Combat
  1436 | D:2      | Found a runed translucent door.
  1437 | D:2      | Noticed Crazy Yiuf
  1442 | D:2      | Killed Crazy Yiuf
  1822 | D:3      | Noticed a +0 falchion
  1823 | D:3      | Noticed a +0 spear
  1823 | D:3      | Noticed a +0 short sword
  1824 | D:3      | Noticed a +0 falchion
  1825 | D:3      | Noticed a +0 short sword
  1826 | D:3      | Noticed a +0 dagger
  1827 | D:3      | Noticed a +0 dagger
  1827 | D:3      | Noticed a +0 spear
  1846 | D:3      | Found a hide-covered altar of Uskayaw.
  1866 | D:3      | Became a worshipper of Uskayaw the Reveller
  2030 | D:4      | Reached XP level 6. HP: 55/59 MP: 5/5
  2042 | D:4      | Reached * piety under Uskayaw
  2125 | D:4      | Reached ** piety under Uskayaw
  2225 | D:4      | Noticed an orc warrior
  2243 | D:4      | Killed an orc warrior
  2246 | D:4      | Reached *** piety under Uskayaw
  2381 | D:4      | Reached skill level 6 in Unarmed Combat
  2426 | D:4      | Reached XP level 7. HP: 64/65 MP: 6/6
  2623 | D:5      | Entered Level 5 of the Dungeon
  2790 | D:5      | Reached skill level 1 in Invocations
  2886 | D:5      | Reached **** piety under Uskayaw
  2937 | D:5      | Reached skill level 5 in Shapeshifting
  3297 | D:5      | Reached XP level 8. HP: 78/78 MP: 8/8
  3852 | D:6      | Reached skill level 7 in Unarmed Combat
  4325 | D:6      | Identified 2 scrolls of acquirement
  4325 | D:6      | Acquired 361 gold pieces
  4326 | D:6      | Acquired 762 gold pieces
  4532 | D:7      | Noticed Menkaure
  4538 | D:7      | Killed Menkaure
  4656 | D:7      | Reached XP level 9. HP: 87/87 MP: 9/11
  4734 | D:7      | Reached skill level 5 in Fighting
  4757 | D:7      | Found a staircase to the Ecumenical Temple.
  4810 | D:7      | Reached ***** piety under Uskayaw
  4959 | D:7      | Reached skill level 8 in Unarmed Combat
  5074 | Temple   | Entered the Ecumenical Temple
  5171 | D:8      | Reached skill level 5 in Invocations
  5327 | D:8      | Reached XP level 10. HP: 79/98 MP: 8/13
  5719 | D:9      | Found a staircase to the Lair.
  5832 | D:9      | Noticed a two-headed ogre
  5837 | D:9      | Killed a two-headed ogre
  5838 | D:9      | Reached skill level 9 in Unarmed Combat
  5929 | D:9      | Noticed a two-headed ogre
  5952 | D:9      | Killed a two-headed ogre
  6171 | D:9      | Noticed a white ugly thing
  6187 | D:9      | Killed a white ugly thing
  6188 | D:9      | Reached XP level 11. HP: 54/109 MP: 10/15
  6733 | D:9      | Found Leuqist's Distillery.
  6740 | D:9      | Bought a potion of invisibility for 120 gold pieces
  6740 | D:9      | Bought a potion of mutation for 120 gold pieces
  6740 | D:9      | Bought a potion of heal wounds for 75 gold pieces
  6740 | D:9      | Bought a potion of degeneration for 15 gold pieces
  6740 | D:9      | Bought a potion of mutation for 120 gold pieces
  6740 | D:9      | Bought a potion of heal wounds for 75 gold pieces
  6740 | D:9      | Bought a potion of lignification for 45 gold pieces
  6843 | D:9      | Reached skill level 10 in Unarmed Combat
  7034 | D:10     | Entered Level 10 of the Dungeon
  7059 | D:10     | Reached skill level 1 in Shields
  7227 | D:10     | Noticed Nergalle
  7239 | D:10     | Killed Nergalle
  7416 | D:10     | Found a glowing silver altar of Zin.
  7443 | D:10     | Identified the ring "Umpuh" {rF++ AC+4 Dex-5 SInv}
  7817 | D:10     | Found a staircase to the Orcish Mines.
  8153 | Lair:1   | Entered Level 1 of the Lair of Beasts
  8173 | Lair:1   | Noticed a death yak
  8173 | Lair:1   | Noticed a death yak
  8192 | Lair:1   | Killed a death yak
  8207 | Lair:1   | Noticed a death yak
  8207 | Lair:1   | Noticed a death yak
  8207 | Lair:1   | Noticed a death yak
  8221 | Lair:1   | Killed a death yak
  8227 | Lair:1   | Killed a death yak
  8228 | Lair:1   | Noticed a death yak
  8231 | Lair:1   | Killed a death yak
  8233 | Lair:1   | Reached ****** piety under Uskayaw
  8235 | Lair:1   | Killed a death yak
  8238 | Lair:1   | Killed a death yak
  8239 | Lair:1   | Reached XP level 12. HP: 93/119 MP: 15/17
  8241 | Lair:1   | Reached skill level 5 in Shields
  8360 | Lair:1   | Found a dark tunnel.
  8394 | Volcano  | Entered a volcano
  8472 | Volcano  | Reached skill level 11 in Unarmed Combat
  8485 | Abyss:2  | Cast into level 2 of the Abyss (a wizard)
  8585 | Volcano  | Escaped the Abyss
  8611 | Abyss:2  | Cast into level 2 of the Abyss (a wizard)
  8641 | Abyss:2  | Found a corrupted altar of Lugonu.
  8714 | Abyss:2  | Noticed a bone dragon
  8733 | Abyss:2  | HP: 5/122 [bone dragon (10)]
  8745 | Abyss:2  | Slain by a bone dragon

Illustrated notes

Levels and vault maps discovered:
D:1:      reono_arrival_forest_river, layout_basic, serial_shops, shop,
          minivault_19
D:2:      layout_loops_cross, uniq_crazy_yiuf_cottage, uniq_sigmund
D:3:      layout_rooms, nicolae_uskayaw_en_pointe, minmay_distorted
D:4:      layout_rooms, minmay_hedge_maze, minmay_mini_ossuary
D:5:      layout_basic, hangedman_decor_clover_reticule
D:6:      layout_gridville, dreamdust_princess_corridor,
          chequers_serial_rivers_small_b, grunt_ministairs_7
D:7:      layout_loops_ring, minmay_temple_entry_ruins, uniq_menkaure
D:8:      layout_cave_pools, grunt_ministairs_6
D:9:      nzn_winding_woodlands_small [nzn_winding_woodlands_5x15_sidewinder,
          nzn_winding_woodlands_center_garden,
          nzn_winding_woodlands_5x15_default], layout_stronghold,
          dpeg_oklobed_lair, serial_shops, nicolae_shop_tiny_statue_garden
D:10:     layout_long_grid, nicolae_overflow_crystal_walls, david_orc_1_choice,
          kennysheep_generic_room_12, uniq_nergalle
Temple:   mainiacjoe_temple_big_plus
Lair:1:   layout_gridlike, nicolae_volcano_entry_vermiform, serial_bayou_shore_b
Abyss:2:  base: D:5, evilmike_abyss_exit_8, gammafunk_corrupted_shrine, base:
Lair:1
Volcano:  volcano_bunker

Skill      XL: |  1  2  3  4  5  6  7  8  9 10 11 12 |
---------------+-------------------------------------+-----
Fighting       | 1 2 3 4 6 7 8 |  8.5
Unarmed Combat | 4 5 6 7 8 9 10 11 | 11.2
Shapeshifting  | 4 5 6 7 8 9 |  9.7
Invocations    | 2 4 5 7 8 |  8.5
Shields        | 4 6 |  6.5
Dodging        | |  1.5

Action                     |  1- 3 |  4- 6 |  7- 9 | 10-12 || total
---------------------------+-------+-------+-------+-------++-------
  Melee: Unarmed           |    57 |    83 |   303 |   408 ||   851
         Punch             |     1 |     3 |     9 |     9 ||    22
  Throw: Throwing net      |       |       |       |     1 ||     1
 Invoke: Line Pass         |       |       |     3 |     3 ||     6
         Stomp             |       |       |     1 |       ||     1
  Evoke: Wand              |       |       |       |     5 ||     5
    Use: Potion            |       |     1 |     1 |     3 ||     5
         Scroll            |       |       |    11 |     6 ||    17
   Stab: Sleeping          |     1 |       |       |       ||     1
         Paralysed         |       |     1 |    16 |    21 ||    38
         Confused          |       |       |     2 |     1 ||     3
 Armour: Animal skin       |    29 |    28 |   128 |    76 ||   261
         Skin              |       |     8 |       |   114 ||   122
         Acid dragon scale |       |       |       |    89 ||    89
         Robe              |       |       |       |    87 ||    87
  Dodge: Dodged            |    26 |    22 |   145 |   146 ||   339
  Block: Other             |       |     4 |    54 |    23 ||    81
         Reflection        |       |       |     1 |     8 ||     9
         Kite shield       |       |       |       |   197 ||   197

Table legend: (Time is in decaauts)
 A = Elapsed time spent in this place.
 B = Non-inter-level travel time spent in this place.
 C = Inter-level travel time spent in this place.
 D = Time resting spent in this place.
 E = Time spent auto-exploring this place.
 F = Levels seen in this place.
 G = Mean time per level.
                   A        B        C        D        E       F      G
               +--------+--------+--------+--------+--------+-----+--------+
         Total |   8640 |   8238 |    402 |    152 |   6211 |  15 |  576.0 |
       Dungeon |   8062 |   7746 |    316 |    126 |   6156 |  10 |  806.2 |
        Temple |      1 |      1 |      0 |      0 |      0 |   1 |    1.0 |
          Lair |    235 |    150 |     85 |     12 |     29 |   1 |  235.0 |
         Abyss |    227 |    227 |      0 |      0 |      5 |   2 |  113.5 |
       Volcano |    113 |    113 |      0 |     14 |     21 |   1 |  113.0 |
               +--------+--------+--------+--------+--------+-----+--------+

Top non-repeatable levels by time:
     D:9: 1317 daAuts
    D:10: 1097 daAuts
     D:6: 873 daAuts
     D:1: 863 daAuts
     D:5: 827 daAuts
     D:7: 733 daAuts
     D:2: 614 daAuts
     D:8: 605 daAuts
     D:4: 603 daAuts
     D:3: 524 daAuts
  Lair:1: 235 daAuts
 Abyss:2: 227 daAuts
 Volcano: 113 daAuts
  Temple: 1 daAuts
